 Dungeon Crawl Stone Soup version 0.28.0-47-ge53b351184 (webtiles) character file.

Game seed: 12683928782478952845

673 101zpm the Chiller (level 7, 0/48 HPs)
             Began as a Vampire Ice Elementalist on Apr 29, 2022.
             Succumbed to a hornet's poison
             ... on level 5 of the Dungeon.
             The game lasted 00:08:41 (4308 turns).

101zpm the Chiller (Vampire Ice Elementalist)       Turns: 4308, Time: 00:08:41

Health: 0/48       AC:  5    Str:  7    XL:     7   Next: 33%
Magic:  14/14      EV: 13    Int: 20    God:
Gold:   222        SH:  0    Dex: 14    Spells: 9/16 levels left

rFire   . . .      SeeInvis +   (no weapon)
rCold   . . .      Faith    .   (no shield)
rNeg    . . .      Spirit   .   a - +0 robe
rPois   .          Reflect  .   (no helmet)
rElec   .          Harm     .   t - +0 cloak
rCorr   .          Rampage  .   c - +0 pair of gloves
Will    .....                   f - +0 pair of boots
Stlth   +++.......              (no amulet)
HPRegen 0.36/turn               (no ring)
MPRegen 0.14/turn               (no ring)

@: lethally poisoned (0 -> -5), healing quickly, slowed, very slow
A: alive, fangs 3, see invisible, vampiric 2
a: Exsanguinate


You were on level 5 of the Dungeon.
You visited 1 branch of the dungeon, and saw 5 of its levels.

You collected 222 gold pieces.

Inventory:

Armour
 a - a +0 robe (worn)
 c - a +0 pair of gloves (worn)
 f - a +0 pair of boots (worn)
 t - a +0 cloak (worn)
Jewellery
 j - a ring of wizardry
Scrolls
 b - a scroll of noise {unknown}
 e - a scroll of silence {unknown}
 g - 6 scrolls of identify {unknown}
 h - 4 scrolls of summoning {unknown}
 k - a scroll of immolation {unknown}
 l - 2 scrolls of teleportation {unknown}
 n - a scroll of blinking {unknown}
 u - a scroll of amnesia {unknown}
 x - 2 scrolls of magic mapping {unknown}
Potions
 d - 4 potions of curing {unknown}
 i - a potion of flight {unknown}
 m - a potion of might {unknown}
 o - 2 potions of attraction {unknown}
 p - a potion of haste {unknown}
 q - 2 potions of ambrosia {unknown}
 r - 2 potions of brilliance {unknown}
 s - 2 potions of heal wounds {unknown}
 v - a potion of berserk rage {unknown}
 w - a potion of degeneration {unknown}


   Skills:
 + Level 1.1 Fighting
 + Level 3.0 Dodging
 + Level 4.1 Stealth
 + Level 0.4 Unarmed Combat
 + Level 5.0 Spellcasting
 + Level 6.7 Ice Magic


You had 9 spell levels left.
You knew the following spells:

 Your Spells              Type           Power      Damage    Failure   Level
a - Freeze                Ice            100%       1d11      1%          1
b - Frozen Ramparts       Ice            62%        1d8       2%          3
c - Ozocubu's Armour      Ice            31%        N/A       2%          3

Your spell library contained the following spells:

 Spells                   Type           Power      Damage    Failure   Level
 Corpse Rot               Necr/Air       10%        N/A       17%         2
 Hailstorm                Conj/Ice       18%        3d6       28%         4
 Dispel Undead            Necr           5%         3d7       75%         4
 Death Channel            Necr           2%         N/A       100%        6


Dungeon Overview and Level Annotations

Branches:
Dungeon (5/15)
 Temple: D:4-7

Altars:
Ashenzari
Xom

Shops:
D:2 [

Annotations:
D:5 1 runed translucent door, Crazy Yiuf, Ijyb


Innate Abilities, Weirdness & Mutations

Your natural rate of healing is accelerated.
You have razor-sharp teeth.
You have supernaturally acute eyesight. (SInv)
You are afflicted with vampirism and can become a bat while bloodless.


Message History

Ijyb the Twisted Goblin comes into view.
She is wielding a +0 club and carrying a wand of iceblast (7).
Ijyb moves out of view.
x - 2 scrolls labelled UGUOMMISSU (gained 1) Ijyb is nearby!
Ijyb is nearby!
Ijyb zaps a wand.
The mass of ice explodes!
The iceblast engulfs you!
Something shouts, "Relinquish hope, thou reeling-ripe blood-sucking vulture!"
You hear an angry hiss.
A hornet comes into view.
Ijyb zaps a wand.
The mass of ice explodes!
The iceblast engulfs you!
Casting: Freeze (safe; 1% risk of failure)
Confirm with . or Enter, or press ? or * to list all spells.
Casting: Frozen Ramparts (dangerous; 2% risk of failure)
Press: ? - help, Dir - look around, f - activate
Okay, then.
Casting: Frozen Ramparts (dangerous; 2% risk of failure)
Confirm with . or Enter, or press ? or * to list all spells.
Okay, then.
Casting: Frozen Ramparts (dangerous; 2% risk of failure)
Confirm with . or Enter, or press ? or * to list all spells.
Okay, then.
Casting: Frozen Ramparts (dangerous; 2% risk of failure)
Confirm with . or Enter, or press ? or * to list all spells.
Okay, then.
Ijyb screams, "Me stronger than you!"
Ijyb zaps a wand.
The mass of ice explodes!
The iceblast engulfs you. The hornet barely misses you.
A white imp comes into view.
The hornet stings you!
* * * LOW HITPOINT WARNING * * *
You are poisoned.
You feel yourself slow down.
You feel yourself speed up.
* * * LOW HITPOINT WARNING * * *
You feel very sick. The hornet stings you.
* * * LOW HITPOINT WARNING * * *
You feel yourself slow down. The hornet barely misses you.
There is a stone staircase leading up, spattered with blood here.
You die...

##..# #..... ##...#
##.55 #..... #.g# ..
#..#.###..# # ..
#..#......###..#.. .
##.....##.........
#......##.###.......#
###.....###.# #......#
#....y@.###.####.......
#.......##....##.......
#..............#........
#......##......#.....##
##.##.# ###....#..# #.##
## ..##..........# #...
###.....##...###.###...
#......####...#..##....
#####........
#.......#....


You could see a hornet, Ijyb and a white imp.

Vanquished Creatures
  A necrophage (D:5)
  An ogre (D:5)
  A kobold brigand (D:4)
  A scorpion (D:4)
  A jelly (D:5)
  A gnoll shaman (D:4)
  An orc priest (D:5)
  3 orc wizards
  A hound skeleton (D:4)
  7 gnolls (D:4)
  4 adders
  3 ufetubi
  3 dart slugs
  10 orcs
  6 ball pythons
  8 endoplasms
  2 giant cockroaches (D:3)
  3 hobgoblins
  8 jackals
  5 kobolds
  4 bats
  7 frilled lizards (D:2)
  3 goblins
  2 rats (D:1)
86 creatures vanquished.

Notes
Turn   | Place    | Note
-------+----------+-------------------------------------------
     0 | D:1      | 101zpm the Vampire Ice Elementalist began the quest for the
                  | Orb.
     0 | D:1      | Reached XP level 1. HP: 13/13 MP: 3/3
   228 | D:1      | Found a faded altar of an unknown god.
   285 | D:1      | Reached XP level 2. HP: 19/19 MP: 3/5
  1100 | D:2      | Found Soxkaschi's Antique Armour Shop.
  1165 | D:2      | Gained mutation: You are afflicted with vampirism and can
                  | become a bat while bloodless. [Vampire growth]
  1165 | D:2      | Reached XP level 3. HP: 24/24 MP: 3/6
  2017 | D:3      | Found a shimmering altar of Xom.
  2302 | D:3      | Reached XP level 4. HP: 31/31 MP: 5/8
  2522 | D:4      | Noticed a scorpion
  2563 | D:3      | Learned a level 3 spell: Frozen Ramparts
  2567 | D:3      | Learned a level 3 spell: Ozocubu's Armour
  2687 | D:4      | Reached skill level 5 in Ice Magic
  2690 | D:4      | Killed a scorpion
  2691 | D:4      | Reached XP level 5. HP: 27/36 MP: 0/9
  3052 | D:4      | Found a broken altar of Ashenzari.
  3370 | D:4      | Reached XP level 6. HP: 33/42 MP: 3/12
  3512 | D:4      | Reached skill level 6 in Ice Magic
  3765 | D:5      | Entered Level 5 of the Dungeon
  3920 | D:5      | Found a runed translucent door.
  3921 | D:5      | Noticed Crazy Yiuf
  3972 | D:5      | Reached XP level 7. HP: 46/47 MP: 2/14
  3981 | D:5      | Reached skill level 1 in Fighting
  4128 | D:5      | Reached skill level 5 in Spellcasting
  4300 | D:5      | Noticed Ijyb
  4303 | D:5      | Noticed a hornet
  4307 | D:5      | HP: 2/48 [hornet (6)]
  4308 | D:5      | Succumbed to a hornet's poison

Illustrated notes

Levels and vault maps discovered:
D:1:      lightli_arrival_statuegarden, layout_basic,
          dreamdust_ecumenical_altar_grove
D:2:      layout_basic, serial_shops, nicolae_diamond_shop, minmay_lizard_pond
D:3:      layout_basic, amcnicky_altar_gilded
D:4:      layout_basic, ashenzari_altar_1
D:5:      layout_cave_pools, uniq_crazy_yiuf_cottage, uniq_ijyb

Skill      XL: |  1  2  3  4  5  6  7 |
---------------+----------------------+-----
Ice Magic      | 5 6 |  6.7
Spellcasting   | 3 4 5 |  5.0
Stealth        | 4 |  4.1
Fighting       | 1 |  1.1
Dodging        | 3 |  3.0
Unarmed Combat | |  0.4

Action                   |  1- 3 |  4- 6 |  7- 9 || total
-------------------------+-------+-------+-------++-------
Melee: Unarmed           |    12 |    17 |     2 ||    31
       Bite              |       |     2 |     1 ||     3
 Cast: Freeze            |    62 |    43 |    11 ||   116
       Frozen Ramparts   |       |    11 |     2 ||    13
       Ozocubu's Armour  |       |     6 |       ||     6
 Stab: Sleeping          |     1 |       |       ||     1
Armor: Robe              |    27 |    25 |    10 ||    62
Dodge: Dodged            |    34 |    56 |    11 ||   101
